| TOP OF THE 1ST |
|
West Virginia Power batting - Pitching for Peoria Chiefs : RHP Jose Rico
|
|
Pitching: RHP Jose Rico
|
|
|
Batting: RHB Ken Manser
|
0-0: Called Strike 0-1: Foul Ball, location: 2F 0-2: Fly out, F8 (Flyball, 8LS, EV 98.1 MPH)
|
|
Batting: RHB Terrence Wilson
|
0-0: Foul Ball, location: 2F 0-1: Bunt missed! 0-2: Ball 1-2: Foul Ball, location: 2F 1-2: Ball 2-2: Ball 3-2: Base on Balls
|
|
Batting: RHB Alain Marquet
|
0-0: Called Strike 0-1: Called Strike Terrence Wilson is caught stealing 2nd base 2-4 0-2: Ball 1-2: Ball 2-2: Strikes out swinging
|
| Top of the 1st over - 0 runs, 0 hits, 0 errors, 0 left on base; West Virginia 0 - Peoria 0 |
| BOTTOM OF THE 1ST |
|
Peoria Chiefs batting - Pitching for West Virginia Power : LHP Ben Buerck
|
|
Pitching: LHP Ben Buerck
|
|
|
Batting: LHB Tsutomu Miyahara
|
0-0: Called Strike 0-1: Called Strike 0-2: Ball 1-2: Strikes out swinging
|
|
Batting: RHB Tommy Tracy
|
0-0: Ball 1-0: Called Strike 1-1: Ball 2-1: Ball 3-1: Foul Ball, location: 2F 3-2: Foul Ball, location: 2F 3-2: Foul Ball, location: 2F 3-2: SINGLE (Groundball, 15S, EV 70.6 MPH) (infield hit)
|
|
Batting: RHB Jonathan Davis
|
0-0: SINGLE (Groundball, 6S, EV 67.5 MPH) (infield hit) Tommy Tracy to second
|
|
Batting: SHB Gerardo Macias
|
0-0: Called Strike 0-1: Ball 1-1: Fly out, F6 (Line Drive, 6, EV 70.6 MPH)
|
|
Batting: RHB Kalidas Mishra
|
0-0: Called Strike 0-1: Ball 1-1: SINGLE (Line Drive, 8LS, EV 100.6 MPH) Tommy Tracy to third Jonathan Davis to second Runner from 3rd tries for Home, SAFE, throw by CF to home
|
|
Batting: LHB Dana McDonald
|
0-0: Called Strike 0-1: Ball 1-1: Reached on error, E6 (Groundball, 6, EV 105.6 MPH) Jonathan Davis to third Kalidas Mishra to second
|
|
Batting: RHB Josh Broome
|
0-0: Called Strike 0-1: Called Strike 0-2: Foul Ball, location: 2F 0-2: Ball 1-2: Fielders Choice at 2nd, 6-4 (Groundball, 6, EV 86.2 MPH)
|
| Bottom of the 1st over - 1 run, 3 hits, 1 error, 3 left on base; West Virginia 0 - Peoria 1 |
| TOP OF THE 2ND |
|
West Virginia Power batting - Pitching for Peoria Chiefs : RHP Jose Rico
|
|
Batting: RHB Dave Fredericks
|
0-0: Ball 1-0: Ball 2-0: SINGLE (Groundball, 4MS, EV 69.4 MPH) (infield hit)
|
|
Batting: LHB Joe Wise
|
0-0: Ball 1-0: Swinging Strike 1-1: Foul Ball, location: 2F 1-2: Strikes out swinging
|
|
Batting: RHB Terry Sutherland
|
0-0: Called Strike 0-1: Ball 1-1: Fly out, F4 (Popup, 4, EV 73.8 MPH)
|
|
Batting: LHB Brandon Sarni
|
0-0: Ball 1-0: Ball 2-0: Ball 3-0: Base on Balls Dave Fredericks to second
|
|
Batting: RHB Rick Pittman
|
0-0: Ground out 5-3 (Groundball, 56S, EV 81.9 MPH)
|
| Top of the 2nd over - 0 runs, 1 hit, 0 errors, 2 left on base; West Virginia 0 - Peoria 1 |
| BOTTOM OF THE 2ND |
|
Peoria Chiefs batting - Pitching for West Virginia Power : LHP Ben Buerck
|
|
Batting: RHB Edgar Landim
|
0-0: Swinging Strike 0-1: Swinging Strike 0-2: Ball 1-2: Ball 2-2: Foul Ball, location: 2F 2-2: Ball 3-2: Strikes out swinging
|
|
Batting: RHB Richard Riggs
|
0-0: Ground out U3 (Groundball, 3S, EV 70.0 MPH)
|
|
Batting: LHB Tsutomu Miyahara
|
0-0: Ground out 4-3 (Groundball, 4M, EV 80.6 MPH)
|
| Bottom of the 2nd over - 0 runs, 0 hits, 0 errors, 0 left on base; West Virginia 0 - Peoria 1 |
| TOP OF THE 3RD |
|
West Virginia Power batting - Pitching for Peoria Chiefs : RHP Jose Rico
|
|
Batting: RHB Brian Moore
|
0-0: Ball 1-0: Foul Ball, location: 2F 1-1: Foul Ball, location: 2F 1-2: Ball 2-2: SINGLE (Groundball, 34D, EV 102.5 MPH)
|
|
Batting: RHB Ken Manser
|
0-0: DOUBLE (Line Drive, 89D, EV 103.8 MPH) Brian Moore to third Runner from 3rd tries for Home, SAFE, throw by CF to trailing runner, SAFE at third!
|
|
Batting: RHB Terrence Wilson
|
0-0: Foul Ball, location: 2F 0-1: Ground out 3-1 (Groundball, 34, EV 88.1 MPH) Ken Manser scores
|
|
Batting: RHB Alain Marquet
|
0-0: Ball 1-0: Ball 2-0: Called Strike 2-1: Foul Ball, location: 2F 2-2: Ball 3-2: Base on Balls
|
|
Batting: RHB Dave Fredericks
|
0-0: Ball 1-0: Ball 2-0: Ball 3-0: Called Strike 3-1: DOUBLE (Line Drive, 78D, EV 106.9 MPH) Alain Marquet to third
|
|
Batting: LHB Joe Wise
|
0-0: Called Strike 0-1: Foul Ball, location: 2F 0-2: Strikes out swinging
|
|
Batting: RHB Terry Sutherland
|
0-0: Swinging Strike 0-1: Ball 1-1: DOUBLE (Groundball, 3L, EV 104.4 MPH) Alain Marquet scores Dave Fredericks scores
|
|
Batting: LHB Brandon Sarni
|
0-0: SINGLE (Groundball, 6MS, EV 69.4 MPH) (infield hit) Terry Sutherland to third
|
|
Batting: RHB Rick Pittman
|
0-0: Ground out 4-3 (Groundball, 4, EV 93.8 MPH)
|
| Top of the 3rd over - 4 runs, 5 hits, 0 errors, 2 left on base; West Virginia 4 - Peoria 1 |
| BOTTOM OF THE 3RD |
|
Peoria Chiefs batting - Pitching for West Virginia Power : LHP Ben Buerck
|
|
Batting: RHB Tommy Tracy
|
0-0: Ball 1-0: Called Strike 1-1: Swinging Strike 1-2: Ball 2-2: Foul Ball, location: 2F 2-2: Strikes out looking
|
|
Batting: RHB Jonathan Davis
|
0-0: Foul Ball, location: 2F 0-1: Reached on error, E6 (Groundball, 6, EV 101.9 MPH)
|
|
Batting: SHB Gerardo Macias
|
0-0: Ball 1-0: Called Strike 1-1: Foul Ball, location: 2F 1-2: Ball 2-2: Fly out, F9 (Flyball, 9S, EV 75.0 MPH)
|
|
Batting: RHB Kalidas Mishra
|
0-0: Called Strike 0-1: Ball 1-1: Fly out, F8 (Flyball, 78D, EV 98.1 MPH)
|
| Bottom of the 3rd over - 0 runs, 0 hits, 1 error, 1 left on base; West Virginia 4 - Peoria 1 |
| TOP OF THE 4TH |
|
West Virginia Power batting - Pitching for Peoria Chiefs : RHP Jose Rico
|
|
Batting: RHB Brian Moore
|
0-0: SINGLE (Groundball, 6D, EV 95.6 MPH)
|
|
Batting: RHB Ken Manser
|
0-0: Ball 1-0: Fielders Choice at 2nd, 6-4 (Groundball, 6, EV 77.5 MPH)
|
|
Batting: RHB Terrence Wilson
|
0-0: Called Strike Ken Manser is caught stealing 2nd base 2-4 0-1: Swinging Strike 0-2: Ball 1-2: Ball 2-2: Ball 3-2: Base on Balls
|
|
Batting: RHB Alain Marquet
|
0-0: Called Strike 0-1: Ball 1-1: Ball 2-1: Ball 3-1: Base on Balls Terrence Wilson to second
|
|
Batting: RHB Dave Fredericks
|
0-0: SINGLE (Groundball, 6MD, EV 111.9 MPH) Terrence Wilson to third Alain Marquet to second Runner from 3rd tries for Home, SAFE, throw by CF to home
|
|
Pitching: RHP T.J. Stahlman
|
|
|
Batting: LHB Joe Wise
|
0-0: Foul Ball, location: 2F 0-1: Ball 1-1: Ground out 4-3 (Groundball, 4, EV 100.0 MPH)
|
| Top of the 4th over - 1 run, 2 hits, 0 errors, 2 left on base; West Virginia 5 - Peoria 1 |
| BOTTOM OF THE 4TH |
|
Peoria Chiefs batting - Pitching for West Virginia Power : LHP Ben Buerck
|
|
Batting: LHB Dana McDonald
|
0-0: Ball 1-0: Ball 2-0: Ball 3-0: Base on Balls
|
|
Batting: RHB Josh Broome
|
0-0: Ball 1-0: Foul Ball, location: 2F 1-1: Called Strike 1-2: Fly out, F7 (Flyball, 78M, EV 89.4 MPH)
|
|
Batting: RHB Edgar Landim
|
0-0: Ball Dana McDonald steals 2nd, throwing error, E2 Dana McDonald to third 1-0: Called Strike 1-1: Ground out 2-3 (Groundball, 2R, EV 62.5 MPH)
|
|
Batting: RHB Richard Riggs
|
0-0: Ball 1-0: Ball 2-0: Called Strike Steal of home, Dana McDonald is out
|
| Bottom of the 4th over - 0 runs, 0 hits, 1 error, 0 left on base; West Virginia 5 - Peoria 1 |
| TOP OF THE 5TH |
|
West Virginia Power batting - Pitching for Peoria Chiefs : RHP T.J. Stahlman
|
|
Batting: RHB Terry Sutherland
|
0-0: Called Strike 0-1: Ground out 4-3 (Groundball, 4, EV 100.6 MPH)
|
|
Batting: LHB Brandon Sarni
|
0-0: Swinging Strike 0-1: Foul Ball, location: 2F 0-2: Ball 1-2: Foul Ball, location: 2F 1-2: Ground out 4-3 (Groundball, 4, EV 80.6 MPH)
|
|
Batting: RHB Rick Pittman
|
0-0: Ball 1-0: Reached on error, E6 (Groundball, 6, EV 83.8 MPH)
|
|
Batting: RHB Brian Moore
|
0-0: Foul Ball, location: 2F 0-1: SINGLE (Line Drive, 89M, EV 101.9 MPH) Rick Pittman to third Runner from 3rd tries for Home, SAFE, throw by RF to home Brian Moore to second
|
|
Batting: RHB Ken Manser
|
0-0: Ball 1-0: Swinging Strike 1-1: Foul Ball, location: 2F 1-2: Strikes out swinging
|
| Top of the 5th over - 1 run, 1 hit, 1 error, 1 left on base; West Virginia 6 - Peoria 1 |
| BOTTOM OF THE 5TH |
|
Peoria Chiefs batting - Pitching for West Virginia Power : LHP Ben Buerck
|
|
Batting: RHB Richard Riggs
|
0-0: Ground out 5-3 (Groundball, 56S, EV 73.8 MPH)
|
|
Batting: LHB Tsutomu Miyahara
|
0-0: Ball 1-0: Ball 2-0: Foul Ball, location: 2F 2-1: Foul Ball, location: 2F 2-2: Ball 3-2: Strikes out swinging
|
|
Batting: RHB Tommy Tracy
|
0-0: Ball 1-0: Called Strike 1-1: Ball 2-1: Fly out, F9 (Flyball, 9D, EV 101.9 MPH)
|
| Bottom of the 5th over - 0 runs, 0 hits, 0 errors, 0 left on base; West Virginia 6 - Peoria 1 |
| TOP OF THE 6TH |
|
West Virginia Power batting - Pitching for Peoria Chiefs : RHP T.J. Stahlman
|
|
Batting: RHB Terrence Wilson
|
0-0: Ground out 6-3 (Groundball, 6, EV 88.1 MPH)
|
|
Batting: RHB Alain Marquet
|
0-0: Swinging Strike 0-1: Ground out 6-3 (Groundball, 56, EV 82.5 MPH)
|
|
Batting: RHB Dave Fredericks
|
0-0: Ball 1-0: Foul Ball, location: 2F 1-1: Called Strike 1-2: Ball 2-2: SINGLE (Groundball, 6D, EV 98.8 MPH)
|
|
Batting: LHB Joe Wise
|
0-0: Ball 1-0: Called Strike 1-1: Swinging Strike 1-2: Foul Ball, location: 2F 1-2: Ground out 4-3 (Groundball, 4, EV 104.4 MPH)
|
| Top of the 6th over - 0 runs, 1 hit, 0 errors, 1 left on base; West Virginia 6 - Peoria 1 |
| BOTTOM OF THE 6TH |
|
Peoria Chiefs batting - Pitching for West Virginia Power : LHP Ben Buerck
|
|
Batting: RHB Jonathan Davis
|
0-0: Ball 1-0: Ball 2-0: Called Strike 2-1: SINGLE (Groundball, 34S, EV 66.9 MPH) (infield hit)
|
|
Batting: SHB Gerardo Macias
|
0-0: Called Strike 0-1: Foul Ball, location: 2F 0-2: Strikes out swinging
|
|
Batting: RHB Kalidas Mishra
|
0-0: Fly out, F9 (Flyball, 9S, EV 90.0 MPH)
|
|
Batting: LHB Dana McDonald
|
0-0: Ball 1-0: Ball 2-0: Called Strike 2-1: Foul Ball, location: 2F 2-2: Ground out 4-3 (Groundball, 4M, EV 86.2 MPH)
|
| Bottom of the 6th over - 0 runs, 1 hit, 0 errors, 1 left on base; West Virginia 6 - Peoria 1 |
| TOP OF THE 7TH |
|
West Virginia Power batting - Pitching for Peoria Chiefs : RHP T.J. Stahlman
|
|
Batting: RHB Terry Sutherland
|
0-0: Ball 1-0: Ball 2-0: Ball 3-0: Called Strike 3-1: Swinging Strike 3-2: Foul Ball, location: 2F 3-2: Fly out, F7 (Flyball, 78S, EV 87.5 MPH)
|
|
Batting: LHB Brandon Sarni
|
0-0: Ball 1-0: Ball 2-0: Fly out, F9 (Flyball, 9, EV 91.9 MPH)
|
|
Batting: RHB Rick Pittman
|
0-0: Ball 1-0: Fly out, F9 (Line Drive, 9D, EV 91.2 MPH)
|
| Top of the 7th over - 0 runs, 0 hits, 0 errors, 0 left on base; West Virginia 6 - Peoria 1 |
| BOTTOM OF THE 7TH |
|
Peoria Chiefs batting - Pitching for West Virginia Power : LHP Ben Buerck
|
|
Pitching: RHP James Cornette
|
|
|
Batting: RHB Josh Broome
|
0-0: Swinging Strike 0-1: Called Strike 0-2: Ball 1-2: Strikes out swinging
|
|
Batting: RHB Edgar Landim
|
0-0: Ball 1-0: Fly out, F8 (Flyball, 8LD, EV 96.2 MPH)
|
|
Batting: RHB Richard Riggs
|
0-0: Called Strike 0-1: Foul Ball, location: 2F 0-2: Ball 1-2: Ball 2-2: Fly out, F8 (Line Drive, 8LS, EV 91.9 MPH)
|
| Bottom of the 7th over - 0 runs, 0 hits, 0 errors, 0 left on base; West Virginia 6 - Peoria 1 |
| TOP OF THE 8TH |
|
West Virginia Power batting - Pitching for Peoria Chiefs : RHP T.J. Stahlman
|
|
Batting: RHB Brian Moore
|
0-0: Foul Ball, location: 2F 0-1: Fly out, F9 (Flyball, 9LM, EV 96.2 MPH)
|
|
Batting: RHB Ken Manser
|
0-0: Called Strike 0-1: Ball 1-1: Foul Ball, location: 2F 1-2: Foul Ball, location: 2F 1-2: Ball 2-2: Ball 3-2: Foul Ball, location: 2F 3-2: Reached on error, E6 (Groundball, 6, EV 102.5 MPH)
|
|
Batting: RHB Terrence Wilson
|
0-0: Called Strike 0-1: Ball Ken Manser is caught stealing 2nd base 2-4 1-1: Foul Ball, location: 2F 1-2: TRIPLE (Groundball, 5L, EV 101.9 MPH)
|
|
Pitching: LHP Vince Zujovic
|
|
|
Batting: RHB Alain Marquet
|
0-0: Ball 1-0: Ball 2-0: Foul Ball, location: 2F 2-1: Foul Ball, location: 2F 2-2: Strikes out swinging
|
| Top of the 8th over - 0 runs, 1 hit, 1 error, 1 left on base; West Virginia 6 - Peoria 1 |
| BOTTOM OF THE 8TH |
|
Peoria Chiefs batting - Pitching for West Virginia Power : RHP James Cornette
|
|
Batting: LHB Tsutomu Miyahara
|
0-0: Foul Ball, location: 2F 0-1: Called Strike 0-2: Ball 1-2: Strikes out swinging
|
|
Batting: RHB Tommy Tracy
|
0-0: Called Strike 0-1: Swinging Strike 0-2: Hit by Pitch
|
|
Batting: RHB Jonathan Davis
|
0-0: Ball 1-0: Called Strike 1-1: Swinging Strike 1-2: Strikes out looking
|
|
Batting: SHB Gerardo Macias
|
0-0: Called Strike 0-1: Ground out 4-3 (Groundball, 4, EV 90.0 MPH)
|
| Bottom of the 8th over - 0 runs, 0 hits, 0 errors, 1 left on base; West Virginia 6 - Peoria 1 |
| TOP OF THE 9TH |
|
West Virginia Power batting - Pitching for Peoria Chiefs : LHP Vince Zujovic
|
|
Batting: RHB Dave Fredericks
|
0-0: Ball 1-0: Ball 2-0: Swinging Strike 2-1: Ball 3-1: Base on Balls
|
|
Batting: LHB Joe Wise
|
0-0: Called Strike 0-1: Ball 1-1: Ball Wild Pitch! Dave Fredericks to second 2-1: Foul Ball, location: 2F 2-2: Strikes out looking
|
|
Batting: RHB Terry Sutherland
|
0-0: Ball 1-0: Fly out, F8 (Flyball, 8LXD, EV 87.5 MPH) Runner from 2nd tags up, SAFE at 3rd, no throw by CF
|
|
Batting: LHB Brandon Sarni
|
0-0: Ground out 4-3 (Groundball, 4, EV 100.6 MPH)
|
| Top of the 9th over - 0 runs, 0 hits, 0 errors, 1 left on base; West Virginia 6 - Peoria 1 |
| BOTTOM OF THE 9TH |
|
Peoria Chiefs batting - Pitching for West Virginia Power : RHP James Cornette
|
|
Batting: RHB Kalidas Mishra
|
0-0: Foul Ball, location: 2F 0-1: Foul Ball, location: 2F 0-2: Ground out 1-3 (Groundball, 13S, EV 71.2 MPH)
|
|
Batting: LHB Dana McDonald
|
0-0: Called Strike 0-1: Foul Ball, location: 2F 0-2: Strikes out swinging
|
|
Pitching: RHP Joe Simanton
|
|
|
Batting: RHB Josh Broome
|
0-0: Swinging Strike 0-1: Foul Ball, location: 2F 0-2: Fly out, F8 (Flyball, 8LM, EV 86.9 MPH)
|
| Bottom of the 9th over - 0 runs, 0 hits, 0 errors, 0 left on base; West Virginia 6 - Peoria 1 |
|